 Dungeon Crawl Stone Soup version 0.18-a0-1726-g399342b (webtiles) character file.

30 woodtrims the Chiller (level 3, -1/25 HPs)
             Began as a Demonspawn Ice Elementalist on Apr 13, 2016.
             Was an Initiate of Sif Muna.
             Slain by an orc
             ... wielding a cursed -1 hand axe
              (2 damage)
             ... on level 3 of the Dungeon.
             The game lasted 00:04:29 (1132 turns).

woodtrims the Chiller (Demonspawn Ice Elementalist) Turns: 1132, Time: 00:04:30

Health: -1/25      AC:  2    Str:  8    XL:     3   Next: 3%
Magic:  4/6        EV:  7    Int: 17    God:    Sif Muna [......]
Gold:   71         SH:  0    Dex: 13    Spells: 2 memorised, 3 levels left

rFire  . . .     SeeInvis .     f - +0 dagger
rCold  . . .     Gourm    .     a - +0 robe
rNeg   . . .     Faith    .     (no shield)
rPois  .         Spirit   .     (helmet restricted)
rElec  .         Dismiss  .     (no cloak)
rCorr  .         Reflect  .     (no gloves)
SustAt .         Harm     .     (no boots)
MR     .....                    (no amulet)
Stlth  ++........               (no ring)
                                (no ring)

@: lethally poisoned (-1 -> -38), not resistant to hostile enchantments,
unstealthy
A: horns 1, powered by death 1
a: Renounce Religion


You were on level 3 of the Dungeon.
You worshipped Sif Muna.
Sif Muna was noncommittal.
You were not hungry.

You visited 1 branch of the dungeon, and saw 3 of its levels.

You collected 71 gold pieces.

Inventory:

Hand Weapons
 f - a +0 dagger (weapon)
Armour
 a - a +0 robe (worn)
Scrolls
 d - 2 scrolls of remove curse {unknown}
 e - 2 scrolls of teleportation {unknown}
 g - a scroll of magic mapping {unknown}
Books
 b - a book of Frost

   Spells                             Type                      Level
   a - Freeze                         Ice                          1
   b - Throw Frost                    Conjuration/Ice              2
   c - Ozocubu's Armour               Charms/Ice                   3
   d - Throw Icicle                   Conjuration/Ice              4
   e - Summon Ice Beast               Ice/Summoning                4


   Skills:
 + Level 0.4 Fighting
 + Level 2.1 Dodging
 + Level 2.0 Stealth
 + Level 2.2 Spellcasting
 + Level 1.0 Conjurations
 + Level 3.2 Ice Magic


You had 3 spell levels left.
You knew the following spells:

 Your Spells              Type           Power        Failure   Level  Hunger
a - Freeze                Ice            ##..         6%          1    #......
b - Throw Frost           Conj/Ice       #.....       14%         2    ###....


Dungeon Overview and Level Annotations

Branches:
Dungeon (3/15)

Altars:
Okawaru
Sif Muna


Innate Abilities, Weirdness & Mutations

You have a pair of small horns on your head.
You regenerate a little health from kills.


Message History

Casting: Freeze
Confirm with . or Enter, or press ? or * to list all spells.
Aiming: Freeze
Press: ? - help, Shift-Dir - straight line, f/p - orc
Aim: an orc, wielding an enchanted hand axe (heavily wounded)
You freeze the orc.
The orc is heavily wounded.
You feel sick.
The orc hits you with a dagger of venom.
You are more poisoned.
The orc misses you. The orc hits you.
* * * LOW HITPOINT WARNING * * *
* * * LOW HITPOINT WARNING * * *
You feel sick.
The orc hits you with a dagger of venom.
* * * LOW HITPOINT WARNING * * *
You are more poisoned.
The orc hits you but does no damage.
The orc hits you with an enchanted hand axe.
You die...

_#............
.#.............
...............
...............
...............
...............
..........>....
......o@o....(.
.....lo........
...............
#####.#########
#. #. #


You could see 3 orcs and a giant newt.

Vanquished Creatures
  2 dart slugs (D:1)
  A giant gecko (D:2)
  A ball python (D:2)
  3 giant cockroaches (D:2)
  2 goblins (D:2)
  3 hobgoblins
  3 bats (D:1)
  2 giant newts
  3 kobolds (D:2)
  6 rats
26 creatures vanquished.

Notes
Turn   | Place    | Note
--------------------------------------------------------------
     0 | D:1      | woodtrims the Demonspawn Ice Elementalist began the quest for the Orb.
     0 | D:1      | Reached XP level 1. HP: 13/13 MP: 3/3
   362 | D:1      | Reached skill level 3 in Ice Magic
   385 | D:1      | Gained mutation: You regenerate a little health from kills. [demonic ancestry]
   385 | D:1      | Reached XP level 2. HP: 16/19 MP: 1/5
   582 | D:1      | You fall through a shaft!
   787 | D:2      | Found a deep blue altar of Sif Muna.
   792 | D:2      | Became a worshipper of Sif Muna the Loreminder
   969 | D:2      | Learned a level 2 spell: Throw Frost
  1002 | D:2      | Gained mutation: You have a pair of small horns on your head. [demonic ancestry]
  1002 | D:2      | Reached XP level 3. HP: 25/25 MP: 6/6
  1005 | D:3      | Found an iron altar of Okawaru.
  1132 | D:3      | HP: 1/25 [orc/dagger of venom (3)]
  1132 | D:3      | Slain by an orc

Vault maps used:
D:1:      lightli_arrival_chessboard
D:2:      lemuel_blue_sif_altar, ecumenical_altar_1
D:3:      okawaru_metal_pillars_1_2

Skill      XL: |  1  2  3 |
---------------+----------+-----
Dodging        | 2 |  2.1
Ice Magic      | 3 |  3.2
Stealth        | 2 |  2.0
Fighting       | |  0.4
Spellcasting   | |  2.2
Conjurations   | |  1.0

Action                   || total
-------------------------++-------
Melee: Unarmed           ||    25
       Dagger            ||    27
 Cast: Freeze            ||    24
 Stab: Sleeping          ||     3
  Eat: Bread ration      ||     1
